 Dungeon Crawl Stone Soup version 0.25-a0-317-g5f8687bca5 (webtiles) character file.

Game seed: 12392185443113284874, levelgen mode: deterministic

118 Esekla the Sneak (level 5, -9/26 HPs)
             Began as a Vine Stalker Assassin on Dec 26, 2019.
             Killed from afar by a frilled lizard (15 damage)
             ... with an exploding inner flame
             ... hexed by the player character
             ... on level 5 of the Dungeon.
             The game lasted 00:08:57 (1616 turns).

Esekla the Sneak (Vine Stalker Assassin)            Turns: 1616, Time: 00:08:58

Health: -9/26      AC:  5    Str: 13    XL:     5   Next: 2%
Magic:  0/8        EV: 12    Int: 12    God:
Gold:   138        SH:  0    Dex: 21    Spells: 7/7 levels left

rFire    . . .     SeeInvis .   a - +2 dagger
rCold    . . .     Gourm    .   (no shield)
rNeg     . . .     Faith    .   b - +0 robe
rPois    .         Spirit   +   (no helmet)
rElec    .         Reflect  .   m - scarf {cloud immunity}
rCorr    .         Harm     +   s - +0 pair of gloves
MR       .....     Rnd*Tele +   r - +1 pair of boots
Stlth    ++++......             h - amulet of harm
HPRegen  0.48/turn              l - ring of teleportation (curse)
MPRegen  0.11/turn              x - +5 ring of dexterity

@: about to teleport
A: fangs 2, regeneration 1, magic shield, antimagic bite, no potion heal 3, rot
immunity
a: no special abilities


You were on level 5 of the Dungeon.
You were not hungry.

You visited 1 branch of the dungeon, and saw 5 of its levels.

You collected 138 gold pieces.

Inventory:

Hand Weapons
 a - a +2 dagger (weapon)
Missiles
 d - 7 poisoned darts (quivered)
 e - 2 curare-tipped darts
Armour
 b - a +0 robe (worn)
 c - a +0 cloak
 m - a scarf of cloud immunity (worn)
 r - a +1 pair of boots (worn)
 s - a +0 pair of gloves (worn)
Jewellery
 h - an amulet of harm (around neck)
 l - a cursed ring of teleportation (left hand)
 u - a +2 ring of dexterity
 x - a +5 ring of dexterity (right hand)
Wands
 v - a wand of random effects (13)
Scrolls
 j - a scroll of fear {unknown}
 k - a scroll of identify
 n - a scroll of fog {unknown}
 o - 2 scrolls of immolation
 q - a scroll of enchant weapon {unknown}
 t - a scroll of teleportation
 y - a scroll of amnesia {unknown}
Potions
 g - 4 potions of curing
 i - 2 potions of agility {unknown}
 p - a potion of heal wounds {unknown}
 w - a potion of invisibility
Comestibles
 f - 7 rations


   Skills:
 + Level 2.0 Fighting
 + Level 2.3 Short Blades
 + Level 2.1 Throwing
 + Level 1.2 Dodging
 * Level 6.3 Stealth
 * Level 1.6 Spellcasting


You had 7 spell levels left.
You didn't know any spells.
Your spell library was empty.

Dungeon Overview and Level Annotations

Branches:
Dungeon (5/15)
 Temple: D:4-7

Altars:

Annotations:
D:3 Sigmund
D:4 2 runed translucent doors, krystol's ghost, amateur OpTm


Innate Abilities, Weirdness & Mutations

You have extremely sharp teeth.
Your natural rate of healing is unusually fast.
When hurt, damage is shared between your health and your magic reserves.
Your bite disrupts and absorbs the magic of your enemies.
Potions cannot restore your health.
You are immune to rotting.


Message History

It was a scroll of immolation.
The orc barely misses you.
As you read the scroll labeled MAPLER WOVUSEF, it crumbles to dust.
You feel strangely unstable.
It was a scroll of teleportation.
The frilled lizard barely misses you. The orc hits you but does no damage.
As you read the scroll labeled HECEMONYTI, it crumbles to dust.
It is a scroll of identify.
g - 4 potions of curing The frilled lizard closely misses you.
You hit the frilled lizard.
The frilled lizard explodes!
The fiery explosion engulfs the adder!!
The adder explodes!
The fiery explosion engulfs the orc!!
The orc explodes!
The fiery explosion engulfs you!
* * * LOW HITPOINT WARNING * * *
You have reached level 5!
The fiery explosion engulfs you!
Ouch! That really hurt!
You die...

........####
...........
.......#.#
.......<.##
..5.......#
..#####.#§##
#.§§§##
###§§§#
#@#......
#######++


There were no monsters in sight!

Vanquished Creatures
  A worker ant (D:4)
  2 adders
  An ooze (D:1)
  2 worms
  A dart slug (D:1)
  A leopard gecko (D:1)
  3 orcs
  A ball python (D:2)
  4 bats
  6 giant cockroaches
  12 goblins
  3 hobgoblins
  7 jackals
  A quokka (D:4)
  4 frilled lizards
  2 kobolds (D:1)
  A leopard gecko skeleton (D:4)
  8 rats
60 creatures vanquished.

Notes
Turn   | Place    | Note
-------+----------+-------------------------------------------
     0 | D:1      | Esekla the Vine Stalker Assassin began the quest for the
                  | Orb.
     0 | D:1      | Reached XP level 1. HP: 11/11 MP: 2/2
    39 | D:1      | Reached skill level 5 in Stealth
   279 | D:1      | Reached XP level 2. HP: 14/15 MP: 3/3
   584 | D:1      | Reached skill level 1 in Spellcasting
   656 | D:2      | Reached XP level 3. HP: 16/18 MP: 3/5
  1160 | D:3      | Gained mutation: Your natural rate of healing is unusually
                  | fast. [Vine Stalker growth]
  1160 | D:3      | Reached XP level 4. HP: 23/23 MP: 5/7
  1185 | D:3      | Noticed Sigmund
  1250 | D:3      | Reached skill level 1 in Dodging
  1378 | D:4      | Found a large runed translucent door.
  1392 | D:4      | Reached skill level 6 in Stealth
  1483 | D:4      | Found a large runed translucent door.
  1493 | D:4      | Noticed krystol's ghost (amateur OpTm)
  1573 | D:4      | Noticed a phantom
  1605 | D:5      | Entered Level 5 of the Dungeon
  1616 | D:5      | Reached XP level 5. HP: 6/26 MP: 1/8
  1616 | D:5      | Killed from afar by a frilled lizard

Levels and vault maps discovered:
D:1:      eino_arrival_tree_alley, layout_rooms, minmay_misc_feat_secret_circle,
          corexii_corridor_pit
D:2:      layout_rooms, first_ration
D:3:      layout_loops_ring, grunt_gozag_statues, marbit_many_paths,
          dancing_weapons_uskayaw, uniq_sigmund
D:4:      layout_rooms, ebering_ghost_disaster_area, serial_rivers,
          chequers_serial_rivers_small_b, chequers_serial_rivers_micro_e,
          chequers_serial_rivers_micro_c, chequers_serial_rivers_small_b,
          chequers_serial_rivers_small_b, chequers_serial_rivers_micro_b,
          minmay_fractal_squares_gapless_5, uniq_blork_the_orc
D:5:      layout_rooms, nemelex_altar_shiori, nicolae_qazlal_general_emergency,
          minmay_overflow_temple_star_hex, uniq_pikel, uniq_prince_ribbit1,
          uniq_edmund

Skill      XL: |  1  2  3  4 |
---------------+-------------+-----
Stealth        | 5 6 |  6.3
Short Blades   | 2 |  2.3
Spellcasting   | 1 |  1.6
Throwing       | 2 |  2.1
Dodging        | 1 |  1.2
Fighting       | 2 |  2.0

Action                   |  1- 3 |  4- 6 || total
-------------------------+-------+-------++-------
Melee: Dagger            |   137 |    54 ||   191
       Bite              |    33 |    19 ||    52
Throw: Dart              |       |     2 ||     2
  Use: Scroll            |       |     3 ||     3
 Stab: Sleeping          |     6 |     6 ||    12
  Eat: Chunk             |       |     2 ||     2
Armor: Robe              |    32 |    10 ||    42
Dodge: Dodged            |    78 |    19 ||    97

Table legend:
 A = Non-vault XP
 B = Vault XP
 C = Vault XP percentage of total XP
 D = Non-vault monster count
 E = Vault monster count
 F = Vault count percentage of total count
                 A         B        C        D         E       F
            +---------+---------+-------+---------+---------+-------
      Total |     169 |       0 |   0.0 |      60 |       0 |   0.0
            +---------+---------+-------+---------+---------+-------
        D:1 |      59 |       0 |   0.0 |      32 |       0 |   0.0
        D:2 |      19 |       0 |   0.0 |      10 |       0 |   0.0
        D:3 |      29 |       0 |   0.0 |      10 |       0 |   0.0
        D:4 |      46 |       0 |   0.0 |       6 |       0 |   0.0
        D:5 |      16 |       0 |   0.0 |       2 |       0 |   0.0
            +---------+---------+-------+---------+---------+-------
